 Dungeon Crawl Stone Soup version 0.19.5 (webtiles) character file.

25412 Gargoyl the Cleaver (level 13, -4/111 HPs)
             Began as a Ghoul Abyssal Knight on Apr 5, 2017.
             Was a High Priest of Lugonu.
             Slain by Snorg (15 damage)
             ... on level 5 of the Lair of Beasts.
             The game lasted 00:40:04 (16925 turns).

Gargoyl the Cleaver (Ghoul Abyssal Knight)         Turns: 16925, Time: 00:40:05

Health: -4/111     AC: 24    Str: 19 (20) XL:     13   Next: 19%
Magic:  18/20      EV:  7    Int:  5 (7)  God:    Lugonu [*****.]
Gold:   145        SH:  3    Dex: 12 (15) Spells: 0 memorised, 12 levels left

rFire  . . .     SeeInvis .     a - +3 war axe (freeze)
rCold  + . .     Gourm    .     Q - +2 plate armour {MR+}
rNeg   + + +     Faith    .     v - +0 buckler
rPois  ∞         Spirit   .     K - +2 helmet of the Little Devil {Str+3}
rElec  .         Reflect  .     n - +1 cloak {+Inv}
rCorr  .         Harm     .     g - +0 pair of gloves
MR     +....                    (no boots)
Stlth  ..........               H - amulet of magic regeneration
                                (no ring)
                                C - +3 ring of dexterity

@: very slightly contaminated, rotting, hasted, very quick
A: rotting body, claws 1, carnivore 3, cold resistance 1, negative energy
resistance 3, slow regeneration 1, torment resistance, unbreathing
a: Depart the Abyss, Bend Space, Banish, Corrupt, Enter the Abyss, Renounce
Religion, Evoke Invisibility


You were on level 5 of the Lair of Beasts.
You worshipped Lugonu.
Lugonu was extremely pleased with you.
You were not hungry.

You visited 2 branches of the dungeon, and saw 15 of its levels.
You visited the Abyss 1 time.

You collected 745 gold pieces.
You spent 600 gold pieces at shops.

Inventory:

Hand Weapons
 a - a +3 war axe of freezing (weapon)
 i - a +4 spear
 m - a +1 war axe
 B - a +0 broad axe
 D - the +8 bow of Krishna "Sharnga" {speed, Dex+3 SInv}
   (You found it on level 9 of the Dungeon)

   Attacks with this weapon are significantly faster.
   It affects your dexterity (+3).
   It lets you see invisible.
Missiles
 o - 3 javelins (quivered)
Armour
 g - a +0 pair of gloves (worn)
 n - a +1 cloak of invisibility (worn)
 v - a +0 buckler (worn)
 K - the +2 helmet of the Little Devil (worn) {Str+3}
   (You found it on level 10 of the Dungeon)

   It affects your strength (+3).
 Q - a +2 plate armour of magic resistance (worn)
Jewellery
 C - a +3 ring of dexterity (left hand)
 H - an amulet of magic regeneration (around neck)
Wands
 j - a wand of disintegration (15/24)
 p - a wand of hasting (2/9)
 t - a wand of digging (18/24)
Scrolls
 d - a scroll of identify
 e - 3 scrolls of teleportation
 h - 2 scrolls of blinking
 k - 4 scrolls of fog
 y - 2 scrolls of magic mapping
Potions
 b - a potion of might {unknown}
 l - 2 potions of flight
 q - a potion of degeneration
 u - a potion of brilliance
 x - 2 potions of magic {unknown}
 A - 2 potions of ambrosia
 I - a potion of cure mutation {unknown}
 M - 2 potions of resistance
Comestibles
 c - 6 meat rations
 r - 3 slices of pizza
 w - 3 chunks of flesh
 J - a beef jerky


   Skills:
 + Level 9.6 Fighting
 + Level 11.9 Axes
 + Level 1.5 Throwing
 * Level 11.0 Armour
 + Level 3.0 Dodging
 + Level 1.2 Shields
 * Level 10.7 Invocations


You had 12 spell levels left.
You didn't know any spells.

Dungeon Overview and Level Annotations

Branches:
Dungeon (10/15)            Temple (0/1) D:5            Lair (5/6) D:10
  Swamp (0/4) Lair:2       Spider (0/4) Lair:4          Orc (0/2) D:10
  Slime: Lair:5-6

Altars:
Ashenzari
Cheibriados
Dithmenos
Elyvilon
Hepliaklqana
Makhleb
Qazlal
Vehumet

Shops:
D:9 [

Annotations:
D:9 2 runed doors
Lair:5 Snorg


Innate Abilities, Weirdness & Mutations

Your body is rotting away.
You thrive on raw meat.
You are immune to poison.
You have sharp fingernails.
You are carnivorous and can eat meat at any time.
Your flesh is cold resistant. (rC+)
You are immune to negative energy. (rN+++)
You regenerate slowly when monsters are visible.
You are immune to unholy pain and torment.
You can survive without breathing.


Message History

Snorg is almost dead.
Snorg bites you!!
* * * LOW HITPOINT WARNING * * *
Snorg claws you but does no damage. Snorg claws you.
* * * LOW HITPOINT WARNING * * *
Unknown command.
Space bends around you!
You blink.
* * * LOW HITPOINT WARNING * * *
Snorg rages.
Found a leather armour.
Space bends sharply around you!
You blink.
* * * LOW HITPOINT WARNING * * *
Space bends sharply around you!
The komodo dragon blinks!
You blink.
* * * LOW HITPOINT WARNING * * *
You feel better. You block Snorg's attack. Snorg barely misses you.
Snorg claws you but does no damage.
Zapping:
p - a wand of hasting (3/9)
Press: ? - help, Shift-Dir - straight line, f - you You feel yourself speed up.
This wand has 2 charges left.
Snorg bites you!
You die...

......##P.....#...........#
#.....###....##...P#.......
#......#P....##........P...
#......##.#........PP....P≈
........##.#####...........
....#.#...##..........≈.
.......................≈
.........................≈
................@T.........
......#......###.....l.....
#........#...##............
#.....##..####...P...#...#
#.....##..## #....###..[..
###...#.#...# #...#.#.#. ..
.........+..P###..P...... .
.......###..###.....#.....
##....## #### #....##...


You could see Snorg (berserk) and a komodo dragon.

Vanquished Creatures
  Gastronok (Lair:3)
  Nessos (Lair:4)
  Josephine (D:9)
  2 hill giants (D:10)
  Maurice (D:8)
  A black mamba (Lair:2)
  A gargoyle (D:9)
  9 spiny frogs
  Joseph (D:10)
  A rime drake (Lair:4)
  A komodo dragon (Lair:4)
  A meliai (D:9)
  A two-headed ogre (D:9)
  4 blink frogs (Lair:1)
  4 hippogriffs
  3 wraiths (D:10)
  18 yaks
  A basilisk (Lair:1)
  6 wyverns
  A hungry ghost (D:9)
  7 water moccasins
  9 porcupines
  5 orc warriors
  An ice beast (D:9)
  2 black bears
  2 sky beasts
  2 phantoms
  2 eyes of draining
  5 ogres
  10 wolves
  7 centaurs
  15 crocodiles
  2 big kobolds
  Blork the orc (D:6)
  18 bullfrogs
  A wyvern skeleton (D:9)
  2 scorpions
  14 wights
  A centaur zombie (D:8)
  2 crimson imps
  7 hounds
  A bullfrog skeleton (D:9)
  12 orc wizards
  3 orc priests
  3 jellies
  11 hell rats
  6 iguanas
  Ijyb (D:3)
  7 worker ants
  A hound skeleton (D:5)
  3 howler monkey zombies
  17 adders
  3 river rats (D:10)
  3 shadow imps (D:9)
  2 adder skeletons
  An adder zombie (D:8)
  4 worms
  2 dart slugs
  2 leopard geckos
  54 orcs
  11 giant cockroaches
  7 goblins
  10 hobgoblins
  7 jackals (D:4)
  4 quokkas
  2 ball pythons
  16 bats
  6 frilled lizards
  A jackal zombie (D:8)
  15 kobolds
  14 rats
  2 fungi
405 creatures vanquished.

Vanquished Creatures (others)
  The ghost of Agorwal the Severer, a journeyman MiFi of Okawaru (Lair:5)
  A hydra (Lair:4)
  A freezing wraith (D:9)
  A wraith (D:9)
  3 electric eels (Lair:4)
  2 fungi
  3 plants
12 creatures vanquished.

Grand Total: 417 creatures vanquished

Notes
Turn   | Place    | Note
-------+----------+-------------------------------------------
     0 | Abyss:1  | Gargoyl the Ghoul Abyssal Knight began the quest for the Orb.
     0 | Abyss:1  | Reached XP level 1. HP: 19/19 MP: 1/1
    37 | Abyss:2  | Found a corrupted altar of Lugonu.
    65 | Abyss:2  | Noticed a revenant
    74 | Abyss:2  | Found a corrupted altar of Lugonu.
    95 | Abyss:2  | Noticed a spectral wolf spider
    96 | Abyss:2  | Noticed a spectral fire giant
    96 | D:1      | Escaped the Abyss
   135 | D:1      | Reached * piety under Lugonu
   265 | D:1      | Reached XP level 2. HP: 26/26 MP: 2/2
   490 | D:1      | Reached skill level 1 in Dodging
   634 | D:1      | Reached XP level 3. HP: 29/32 MP: 3/3
  1268 | D:2      | Reached XP level 4. HP: 33/40 MP: 4/4
  1341 | D:2      | Reached ** piety under Lugonu
  1844 | D:3      | Reached XP level 5. HP: 39/46 MP: 6/6
  2066 | D:3      | Noticed an ogre
  2083 | D:3      | Killed an ogre
  2083 | D:3      | Reached XP level 6. HP: 26/53 MP: 7/7
  2226 | D:3      | Found a radiant altar of Vehumet.
  2380 | D:3      | Noticed Ijyb
  2395 | D:3      | Killed Ijyb
  2587 | D:3      | Found a shadowy altar of Dithmenos.
  2590 | D:3      | Found a hazy altar of Hepliaklqana.
  3342 | D:4      | Noticed a phantom
  3434 | D:4      | Killed a phantom
  3434 | D:4      | Reached XP level 7. HP: 46/60 MP: 6/8
  4124 | D:4      | Reached *** piety under Lugonu
  4227 | D:5      | Entered Level 5 of the Dungeon
  4340 | D:5      | Found a staircase to the Ecumenical Temple.
  4460 | D:5      | Reached skill level 5 in Fighting
  4460 | D:5      | Reached skill level 5 in Axes
  4536 | D:5      | Found a white marble altar of Elyvilon.
  4609 | D:5      | Reached XP level 8. HP: 50/68 MP: 8/10
  5219 | D:6      | Reached skill level 1 in Throwing
  5238 | D:6      | Found a shattered altar of Ashenzari.
  5301 | D:6      | Reached skill level 5 in Armour
  5319 | D:6      | Reached skill level 5 in Invocations
  5434 | D:6      | Noticed Blork the orc
  5458 | D:6      | Killed Blork the orc
  5488 | D:6      | Reached XP level 9. HP: 74/74 MP: 11/11
  5510 | D:6      | Found a burning altar of Makhleb.
  5510 | D:6      | Noticed a balrug
  5542 | D:6      | Reached **** piety under Lugonu
  6073 | D:7      | Found a stormy altar of Qazlal.
  7033 | D:8      | Noticed a hill giant
  7202 | D:8      | Reached XP level 10. HP: 31/84 MP: 13/13
  7574 | D:8      | Noticed Maurice
  7764 | D:8      | Killed Maurice
  8706 | D:9      | Found Ycoru's Armour Emporium.
  8718 | D:9      | Found a large runed door.
  8721 | D:9      | Found a large runed door.
  8751 | D:9      | Found a large runed door.
  8751 | D:9      | Found a large runed door.
  9355 | D:9      | Identified Sif Muna's Catalogue of the Enthralling Birds
  9778 | D:10     | Entered Level 10 of the Dungeon
  9800 | D:10     | Reached ***** piety under Lugonu
  9809 | D:10     | Noticed Josephine
  9903 | D:10     | Reached XP level 11. HP: 20/92 MP: 15/15
 10008 | D:10     | Noticed a hill giant
 10021 | D:10     | Killed a hill giant
 10102 | D:10     | Noticed Joseph
 10212 | D:10     | Killed Joseph
 10321 | D:9      | Killed Josephine
 10592 | D:10     | Found a staircase to the Orcish Mines.
 10610 | D:10     | Noticed a hill giant
 10619 | D:10     | Killed a hill giant
 10703 | D:10     | Got a brightly glowing helmet
 10714 | D:10     | Identified the +2 helmet of the Little Devil {Str+3} (You found it on level 10 of the Dungeon)
 10921 | D:10     | Reached skill level 10 in Axes
 11072 | D:10     | Found a staircase to the Lair.
 11224 | Lair:1   | Entered Level 1 of the Lair of Beasts
 11313 | Lair:1   | Reached ****** piety under Lugonu
 11610 | Lair:1   | You fall through a shaft!
 11615 | Lair:2   | Found a staircase to the Swamp.
 11685 | Lair:1   | Reached XP level 12. HP: 92/103 MP: 17/17
 12626 | D:9      | Bought a +2 plate armour of magic resistance for 600 gold pieces
 12838 | Lair:2   | Reached skill level 10 in Armour
 13074 | Lair:2   | Found a snail-covered altar of Cheibriados.
 13630 | Lair:3   | Noticed Gastronok
 13651 | Lair:3   | Killed Gastronok
 14744 | Lair:4   | Noticed Nessos
 14777 | Lair:3   | Reached skill level 10 in Invocations
 15424 | Lair:4   | Killed Nessos
 15424 | Lair:4   | Reached skill level 1 in Shields
 15424 | Lair:4   | Reached XP level 13. HP: 78/109 MP: 19/19
 15660 | Lair:4   | HP: 5/108 [electric eel/bolt of electricity (14)]
 15955 | Lair:4   | Found a hole to the Spider Nest.
 16678 | Lair:5   | Noticed Agorwal's ghost (journeyman MiFi)
 16686 | Lair:5   | Banished Agorwal's ghost
 16861 | Lair:5   | Noticed Snorg
 16923 | Lair:5   | HP: 5/111 [spatial distortion (2)]
 16925 | Lair:5   | Slain by Snorg

Skill      XL: |  1  2  3  4  5  6  7  8  9 10 11 12 13 |
---------------+----------------------------------------+-----
Dodging        | 1 2 3 |  3.0
Axes           | 2 3 5 6 7 8 10 11 | 11.9
Fighting       | 4 5 6 7 8 9 |  9.6
Armour         | 2 3 4 5 7 8 9 10 11 | 11.0
Invocations    | 3 4 5 6 7 8 10 | 10.7
Throwing       | 1 |  1.5
Shields        | 1 |  1.2

Action                   |  1- 3 |  4- 6 |  7- 9 | 10-12 | 13-15 || total
-------------------------+-------+-------+-------+-------+-------++-------
Melee: Hand axe          |    90 |   235 |   328 |       |       ||   653
       War axe           |       |       |   130 |   825 |   101 ||  1056
Throw: Javelin           |       |       |     3 |     4 |       ||     7
Invok: Depart the Abyss  |     1 |       |       |       |       ||     1
       Bend Space        |       |       |     1 |       |     3 ||     4
       Banish            |       |       |       |     6 |     6 ||    12
Evoke: Wand              |       |       |       |       |     2 ||     2
  Use: Scroll            |     5 |     6 |    10 |    12 |     2 ||    35
       Potion            |     1 |     2 |     1 |     2 |     4 ||    10
 Stab: Sleeping          |     1 |       |       |       |       ||     1
       Invisible         |       |     2 |       |       |       ||     2
  Eat: Chunk             |    10 |    32 |    71 |   154 |    15 ||   282
       Meat ration       |       |       |       |       |     1 ||     1
Armor: Ring mail         |    42 |    51 |       |       |       ||    93
       Leather armour    |     2 |       |       |       |       ||     2
       Chain mail        |       |    71 |   330 |   258 |       ||   659
       Plate armour      |       |       |       |   497 |    61 ||   558
Dodge: Dodged            |    53 |   105 |   210 |   425 |    30 ||   823
Block: Buckler           |       |       |       |    39 |    17 ||    56
